Workbook
Name _____PJ50: #REF!
Name _____pj51: #REF!
Name ____PJ50: #REF!
Name ____pj51: #REF!
Name ___PJ50: #REF!
Name ___pj51: #REF!
Name __A17000: #REF!
Name __A20000: #REF!
Name __A30000: #REF!
Name __AFC1: #REF!
Name __AFC3: #REF!
Name __AFC5: #REF!
Name __BGC1: #REF!
Name __BGC3: #REF!
Name __BGC5: #REF!
Name __CAC1: #REF!
Name __CAC3: #REF!
Name __CAC5: #REF!
Name __PJ50: #REF!
Name __pj51: #REF!
Name __rc: #REF!
Name __SBC1: #REF!
Name __SBC3: #REF!
Name __SBC5: #REF!
Name _A17000: #REF!
Name _A20000: #REF!
Name _A30000: #REF!
Name _AFC1: #REF!
Name _AFC3: #REF!
Name _AFC5: #REF!
Name _APU221: #REF!
Name _APU465: #REF!
Name _BGC1: #REF!
Name _BGC3: #REF!
Name _BGC5: #REF!
Name _CAC1: #REF!
Name _CAC3: #REF!
Name _CAC5: #REF!
Name _PJ50: #REF!
Name _pj51: #REF!
Name _rc: #REF!
Name _SBC1: #REF!
Name _SBC3: #REF!
Name _SBC5: #REF!
Name A: #REF!
Name A_impresión_IM: #REF!
Name AAC: #REF!
Name ABG: #REF!
Name absc: #REF!
Name actual: #REF!
Name AD: #REF!
Name adicional: #REF!
Name Adm: #REF!
Name ADMINISTRADOR: #REF!
Name ADMINISTRADOR_VIAL__ARMANDO_SANCHEZ_SANCHEZ: #REF!
Name Administrativo: #REF!
Name admon: #REF!
Name admon1: #REF!
Name adoq: #REF!
Name ah: #REF!

Sheet Presupuesto Oficial
E4: PROPUESTA ECONOMICA
D5: Objeto: | E5: CONTRATAR LA ADECUACIÓN A TODO COSTO DEL CERRAMIENTO PERIMETRAL DEL CENTRO TECNOLÓGICO DE LA AMAZONIA.
D7: ITEM | E7: DESCRIPCIÓN | F7: UNIDAD | G7: CANTIDAD MINIMA | H7: VALOR UNITARIO PROMEDIO | I7: VALOR TOTAL PRESUPUESTO | J7: VALOR UNITARIO PROPUESTA | K7: VALOR TOTAL PROPUESTA
D9: 1 | E9: CERRAMIENTO PROVISIONAL EN LONA ALTURA 2.10M (INC. PARAL EN MADERA) | F9: ML | G9: 95 | H9: 5732 | I9: =+ROUND(H9*G9,0) -> 544540 | J9: 5700 | K9: =+ROUND(J9*G9,0) -> 541500
D10: 2 | E10: LOCALIZACIÓN Y REPLANTEO DE LA OBRA | F10: ML | G10: 95 | H10: 6555 | I10: =+ROUND(H10*G10,0) -> 622725 | J10: 5800 | K10: =+ROUND(J10*G10,0) -> 551000
D11: 3 | E11: DESMONTE REJA METÁLICA CERRAMIENTO EXISTENTE (INC. RETIRO) | F11: ML | G11: 95 | H11: 33122 | I11: =+ROUND(H11*G11,0) -> 3146590 | J11: 25000 | K11: =+ROUND(J11*G11,0) -> 2375000
D12: 4 | E12: DEMOLICION MURO EN CONCRETO EXISTENTE INCLUIDA CIMENTACION (INCL. RETIRO DE MATERIAL) | F12: ML | G12: 95 | H12: 48214 | I12: =+ROUND(H12*G12,0) -> 4580330 | J12: 42000 | K12: =+ROUND(J12*G12,0) -> 3990000
D13: 5 | E13: EXCAVACIÓN MANUAL DEL TERRENO EN MATERIAL COMUN DE ACUERDO A PLANOS | F13: M3 | G13: 11.97 | H13: 34011 | I13: =+ROUND(H13*G13,0) -> 407112 | J13: 33000 | K13: =+ROUND(J13*G13,0) -> 395010
D14: 6 | E14: CONCRETO CICLÓPEO 2500 PSI RELACION 60% C / 40% PIEDRA SONGA-MEJORAMIENTO TERRENO | F14: M3 | G14: 21.525 | H14: 685750 | I14: =+ROUND(H14*G14,0) -> 14760769 | J14: 435000 | K14: =+ROUND(J14*G14,0) -> 9363375
D15: 7 | E15: CONCRETO F´C = 210 KGF/CM2 PARA VIGA PAGADO EN ML ESPESOR 0.40X0.30 MT, INCL ACERO DE REFUERZO SEGÚN DISEÑO | F15: ML | G15: 90.75 | H15: 186383 | I15: =+ROUND(H15*G15,0) -> 16914257 | J15: 183000 | K15: =+ROUND(J15*G15,0) -> 16607250
D16: 8 | E16: MURETE EN CONCRETO DE 3000 PSI 0,15X0,40 MT (INC. ACERO DE REFUERZO) | F16: ML | G16: 90.75 | H16: 142425 | I16: =+ROUND(H16*G16,0) -> 12925069 | J16: 141000 | K16: =+ROUND(J16*G16,0) -> 12795750
D17: 9 | E17: SUMINISTRO E INSTALACIÓN DE POSTE EN TUBERÍA GALVANIZADA DE 2 1/2", CAL 16, L=3,00 MTS, incluye pintura aceite color verde institucional. | F17: UND | G17: 16 | H17: 120411 | I17: =+ROUND(H17*G17,0) -> 1926576 | J17: 99000 | K17: =+ROUND(J17*G17,0) -> 1584000
D18: 10 | E18: PANEL EN MALLA ESLABONADA 2 1/2" X 2 1/2" CALIBRE 10 Y ÁNGULO METÁLICO DE 1 1/2" X 1/8" incluye pintura base aceite color verde institucional en Angulos. | F18: M2 | G18: 174.16667 | H18: 141862 | I18: =+ROUND(H18*G18,0) -> 24707632 | J18: 138000 | K18: =+ROUND(J18*G18,0) -> 24035000
D19: 11 | E19: ZAPATA CONCRETO 3000 PSI 210 MPA 0.80Mx0.80Mx0.30M (no incl. Refuerzo) | F19: UND | G19: 17 | H19: 346398 | I19: =+ROUND(H19*G19,0) -> 5888766 | J19: 263000 | K19: =+ROUND(J19*G19,0) -> 4471000
D20: 12 | E20: SUMINISTRO E INSTALACION DE ACERO DE REFUERZO 60.000PSI | F20: KG | G20: 161.5 | H20: 8475 | I20: =+ROUND(H20*G20,0) -> 1368713 | J20: 7800 | K20: =+ROUND(J20*G20,0) -> 1259700
... D22: 14 | E22: CUNETA EN CONCRETO DE 3000 PSI PARA MANEJO DE AGUAS LLUVIAS ACNHO:0,40 E:0,10 INCLUYE CONFORMACIÓN DEL TERRENO, FORMALETA Y MALLA ELECTRTOSOLDADAS DE 5MM. | F22: ML | G22: 63.21 | H22: 86862 | I22: =+ROUND(H22*G22,0) -> 5490547 | J22: 54000 | K22: =+ROUND(J22*G22,0) -> 3413340
E24: TOTAL COSTOS DIRECTOS | I24: =+SUM(I9:I22) -> 100436152 | K24: =SUM(K9:K23) -> 88170025
E25: ADMINISTRACIÓN | H25: 0.2 | I25: =+I24*H25 -> 20087230 | K25: =ROUND(K24*H25,0) -> 17634005
E26: IMPREVISTOS | H26: 0 | I26: 0 | K26: =ROUND(K24*H26,0) -> 0
E27: UTILIDAD | H27: 0.05 | I27: =+I24*H27 -> 5021807.6 | K27: =ROUND(K24*H27,0) -> 4408501
E28: IVA/UTILIDAD | H28: 0.19 | I28: =+ROUND(I27*H28,0)+1 -> 954144 | K28: =ROUND(K27*H28,0) -> 837615
E29: TOTAL COSTOS INDIRECTOS | I29: =+I28+I27+I25 -> 26063182 | K29: =SUM(K25:K28) -> 22880121
E30: TOTAL COSTO DE LA ADECUACION | I30: =+I29+I24 -> 126499334 | K30: =K24+K29 -> 111050146
E36: JOSE ALEXANDER MARIN ORREGO
E37: REPRESENTANTE LEGAL
E38: AM ARQUITECTURA & CONSTRUCCION SAS

Sheet Estudio de mercadeo
E3: CENTRO TECNOLÓGICO DE LA AMAZONÍA REGIONAL CAQUETÁ
E4: GRUPO DE APOYO ADMINISTRATIVO MIXTO
E5: ESTUDIO DE MERCADO
D7: Objeto: | E7: =+'Presupuesto Oficial'!E5 -> CONTRATAR LA ADECUACIÓN A TODO COSTO DEL CERRAMIENTO PERIMETRAL DEL CENTRO TECNOLÓGICO DE LA AMAZONIA.
D9: ITEM | E9: DESCRIPCIÓN | F9: UND | G9: CANTIDAD | H9: Cotización No. 1 | J9: Cotización No. 2 | L9: Cotización No. 3 | N9: VALOR UNITARIO PROMEDIO | O9: VALOR TOTAL
H10: VALOR UNITARIO SIN IVA | I10: VALOR TOTAL | J10: VALOR UNITARIO SIN IVA | K10: VALOR TOTAL | L10: VALOR UNITARIO SIN IVA | M10: VALOR TOTAL | S10: ajuste | T10: (CERRAMIENTO NUEVO - PReDIO EN SEGUIDA | U10: Cerramiento 2 (MURO NUEVO- HACIA PUERTA PRINCIPAL )(FALLA) | V10: Cerramiento 3 (PUESTA DE ACCESO - MURO ESCALONADO)
D11: 1 | E11: LOCALIZACIÓN Y REPLANTEO DE LA OBRA | F11: ML | G11: =+$W$11 -> 90 | H11: 5641 | I11: =ROUND(G11*H11,0) -> 507690 | J11: 7000 | K11: =ROUND(G11*J11,0) -> 630000 | L11: 6000 | M11: =ROUND(G11*L11,0) -> 540000 | N11: =ROUND((H11+J11+L11)/3,0) -> 6214 | O11: =ROUND(G11*N11,0) -> 559260 | S11: =-18 -> -18 | T11: 28 | U11: 50 | V11: 30 | W11: =+V11+U11+T11+S11 -> 90
D12: =+D11+1 -> 2 | E12: DESMONTE REJA METÁLICA CERRAMIENTO EXISTENTE (INC. RETIRO) | F12: ML | G12: =+G11 -> 90 | H12: 28185 | I12: =ROUND(G12*H12,0) -> 2536650 | J12: 35000 | K12: =ROUND(G12*J12,0) -> 3150000 | L12: 31000 | M12: =ROUND(G12*L12,0) -> 2790000 | N12: =ROUND((H12+J12+L12)/3,0) -> 31395 | O12: =ROUND(G12*N12,0) -> 2825550
D13: =+D12+1 -> 3 | E13: DEMOLICION MURO EXISTENTE INCLUIDA CIMENTACION (INCL. RETIRO DE MATERIAL) | F13: ML | G13: =+G11 -> 90 | H13: 42500 | I13: =ROUND(G13*H13,0) -> 3825000 | J13: 49000 | K13: =ROUND(G13*J13,0) -> 4410000 | L13: 45600 | M13: =ROUND(G13*L13,0) -> 4104000 | N13: =ROUND((H13+J13+L13)/3,0) -> 45700 | O13: =ROUND(G13*N13,0) -> 4113000
D14: =+D13+1 -> 4 | E14: EXCAVACIÓN TIERRA A MANO | F14: M3 | G14: =+W11*0.5 -> 45 | H14: 30713 | I14: =ROUND(G14*H14,0) -> 1382085 | J14: 32000 | K14: =ROUND(G14*J14,0) -> 1440000 | L14: 34000 | M14: =ROUND(G14*L14,0) -> 1530000 | N14: =ROUND((H14+J14+L14)/3,0) -> 32238 | O14: =ROUND(G14*N14,0) -> 1450710
D15: =+D14+1 -> 5 | E15: CONCRETO CICLÓPEO 3000 PSI RELAC.60C/40P-MEJORAMIENTO TERRENO | F15: M3 | G15: =+(T11+U11)*0.4*0.4 -> 12.48 | H15: 556464 | I15: =ROUND(G15*H15,0) -> 6944671 | J15: 590100 | K15: =ROUND(G15*J15,0) -> 7364448 | L15: 585000 | M15: =ROUND(G15*L15,0) -> 7300800 | N15: =ROUND((H15+J15+L15)/3,0) -> 577188 | O15: =ROUND(G15*N15,0) -> 7203306
D16: =+D15+1 -> 6 | E16: CONTRAPESO EN CONCRETO 3000 PSI 210 MPA 0.80MX0.80MX0.30M INCLUYE REFUERZO DE 1/2" Y VIGA DE CONEXIÓN CON ZAPATA DE 0.8 CM | F16: UND | G16: =ROUND(W11/8,0)+1 -> 12 | H16: 445000 | I16: =ROUND(G16*H16,0) -> 5340000 | J16: 489000 | K16: =ROUND(G16*J16,0) -> 5868000 | L16: 467000 | M16: =ROUND(G16*L16,0) -> 5604000 | N16: =ROUND((H16+J16+L16)/3,0) -> 467000 | O16: =ROUND(G16*N16,0) -> 5604000
D17: =+D16+1 -> 7 | E17: CONCRETO F´C = 210 KGF/CM2 PARA VIGA PAGADO EN ML ESPESOR 0,30X0.40 MT, INCL ACERO DE REFUERZO | F17: ML | G17: =+G11 -> 90 | H17: 145000 | I17: =ROUND(G17*H17,0) -> 13050000 | J17: 170000 | K17: =ROUND(G17*J17,0) -> 15300000 | L17: 150000 | M17: =ROUND(G17*L17,0) -> 13500000 | N17: =ROUND((H17+J17+L17)/3,0) -> 155000 | O17: =ROUND(G17*N17,0) -> 13950000
D18: =+D17+1 -> 8 | E18: MURETE EN CONCRETO DE 3000 PSI 0,15X0,40 MT (INC. ACERO DE REFUERZO) | F18: ML | G18: =+G11 -> 90 | H18: 98918 | I18: =ROUND(G18*H18,0) -> 8902620 | J18: 96000 | K18: =ROUND(G18*J18,0) -> 8640000 | L18: 111000 | M18: =ROUND(G18*L18,0) -> 9990000 | N18: =ROUND((H18+J18+L18)/3,0) -> 101973 | O18: =ROUND(G18*N18,0) -> 9177570
D19: =+D18+1 -> 9 | E19: SUMINISTRO E INSTALACIÓN DE POSTE EN TUBERÍA GALVANIZADA DE 2 1/2", CAL 16, L=3,00 MTS | F19: UND | G19: =+ROUND(G11/3,0)+1 -> 31 | H19: 111266 | I19: =ROUND(G19*H19,0) -> 3449246 | J19: 107000 | K19: =ROUND(G19*J19,0) -> 3317000 | L19: 124000 | M19: =ROUND(G19*L19,0) -> 3844000 | N19: =ROUND((H19+J19+L19)/3,0) -> 114089 | O19: =ROUND(G19*N19,0) -> 3536759
D20: =+D19+1 -> 10 | E20: PANEL DE 2,75 X 2,0 M EN MALLA ESLABONADA 2 1/2" X 2 1/2" CALIBRE 10 Y ÁNGULO METÁLICO DE 1 1/2" X 1/8" | F20: M2 | G20: =+(W11*2)-10 -> 170 | H20: 92617 | I20: =ROUND(G20*H20,0) -> 15744890 | J20: 106000 | K20: =ROUND(G20*J20,0) -> 18020000 | L20: 96000 | M20: =ROUND(G20*L20,0) -> 16320000 | N20: =ROUND((H20+J20+L20)/3,0) -> 98206 | O20: =ROUND(G20*N20,0) -> 16695020
D21: =+D20+1 -> 11 | E21: PORTÓN EN ESTRUCTURA METÁLICA TUBERÍA DE 1"x 1" CALIBRE 10 CON PARALES METÁLICOS | F21: M2 | G21: =2.5*2 -> 5 | H21: 450000 | I21: =ROUND(G21*H21,0) -> 2250000 | J21: 496500 | K21: =ROUND(G21*J21,0) -> 2482500 | L21: 473490 | M21: =ROUND(G21*L21,0) -> 2367450 | N21: =ROUND((H21+J21+L21)/3,0) -> 473330 | O21: =ROUND(G21*N21,0) -> 2366650
D22: =+D21+1 -> 12 | E22: PINTURA CARPINTERÍA METÁLICA DE REJAS (INC PINTURA ANTICORROSIVA VERDE, ESMALTE, MANO DE OBRA Y EQUIPOS) | F22: M2 | G22: =+G21+20 -> 25 | H22: 21783 | I22: =ROUND(G22*H22,0) -> 544575 | J22: 20000 | K22: =ROUND(G22*J22,0) -> 500000 | L22: 29000 | M22: =ROUND(G22*L22,0) -> 725000 | N22: =ROUND((H22+J22+L22)/3,0) -> 23594 | O22: =ROUND(G22*N22,0) -> 589850
D23: =+D22+1 -> 13 | E23: ZAPATA CONCRETO 3000 PSI 210 MPA 0.80Mx0.80Mx0.30M (no incl. Refuerzo) | F23: UND | G23: =+G16 -> 12 | H23: 318618 | I23: =ROUND(G23*H23,0) -> 3823416 | J23: 321400 | K23: =ROUND(G23*J23,0) -> 3856800 | L23: 335000 | M23: =ROUND(G23*L23,0) -> 4020000 | N23: =ROUND((H23+J23+L23)/3,0) -> 325006 | O23: =ROUND(G23*N23,0) -> 3900072
D24: =+D23+1 -> 14 | E24: ACERO DE REFUERZO 60.000PSI | F24: KG | G24: =+((0.9*6)*2)*G23+((W11*4)+9)+(((W11/0.2)*0.8)*0.56)+(((G25*4)+(G25/0.15)*0.7)*0.56) -> 809.4 | H24: 5200 | I24: =ROUND(G24*H24,0) -> 4208880 | J24: 6900 | K24: =ROUND(G24*J24,0) -> 5584860 | L24: 5400 | M24: =ROUND(G24*L24,0) -> 4370760 | N24: =ROUND((H24+J24+L24)/3,0) -> 5833 | O24: =ROUND(G24*N24,0) -> 4721230
D25: =+D24+1 -> 15 | E25: COLUMNA CONCRETO 3000 PSI DE = 0.25*0.25 M (INCLUYE REFUERZO 1/2" Y FLEJES DE 3/8") | F25: ML | G25: =+(W11/8)*2 -> 22.5 | H25: 78647 | I25: =ROUND(G25*H25,0) -> 1769558 | J25: 80000 | K25: =ROUND(G25*J25,0) -> 1800000 | L25: 82300 | M25: =ROUND(G25*L25,0) -> 1851750 | N25: =ROUND((H25+J25+L25)/3,0) -> 80316 | O25: =ROUND(G25*N25,0) -> 1807110
D26: =+D25+1 -> 16 | E26: CUNETA EN CONCRETO DE 3000 PSI PARA MANEJO DE AGUAS LLUVIAS ACNHO:0,40 E:0,10 INCLUYE CONFORMACIÓN DEL TERRENO, FORMALETA Y MALLA ELECTRTOSOLDADAS DE 5MM. | F26: ML | G26: 55 | H26: 65000 | I26: =ROUND(G26*H26,0) -> 3575000 | J26: 73000 | K26: =ROUND(G26*J26,0) -> 4015000 | L26: 68000 | M26: =ROUND(G26*L26,0) -> 3740000 | N26: =ROUND((H26+J26+L26)/3,0) -> 68667 | O26: =ROUND(G26*N26,0) -> 3776685
E28: TOTAL COSTOS DIRECTOS | I28: =SUM(I11:I27) -> 77854281 | K28: =SUM(K11:K27) -> 86378608 | M28: =SUM(M11:M27) -> 82597760 | O28: =SUM(O11:O27) -> 82276772
E29: ADMINISTRACIÓN (A) | H29: 0.2 | I29: =ROUND(I28*H29,0) -> 15570856 | J29: 0.2 | K29: =ROUND(K28*J29,0) -> 17275722 | L29: 0.2 | M29: =ROUND(M28*L29,0) -> 16519552 | N29: 0.2 | O29: =ROUND(O28*N29,0) -> 16455354
E30: IMPREVISTOS (I) | H30: 0 | I30: =ROUND(I28*H30,0) -> 0 | J30: 0 | K30: =ROUND(K28*J30,0) -> 0 | L30: 0 | M30: =ROUND(M28*L30,0) -> 0 | N30: 0 | O30: =ROUND(O28*N30,0) -> 0
E31: UTILIDAD (U) | H31: 0.05 | I31: =ROUND(I28*H31,0) -> 3892714 | J31: 0.05 | K31: =ROUND(K28*J31,0) -> 4318930 | L31: 0.05 | M31: =ROUND(M28*L31,0) -> 4129888 | N31: 0.05 | O31: =ROUND(O28*N31,0) -> 4113839
E32: IVA/UTILIDAD | H32: 0.19 | I32: =ROUND(I31*H32,0) -> 739616 | J32: 0.19 | K32: =ROUND(K31*J32,0) -> 820597 | L32: 0.19 | M32: =ROUND(M31*L32,0) -> 784679 | N32: 0.19 | O32: =ROUND(O31*N32,0) -> 781629
E33: TOTAL COSTOS INDIRECTOS | I33: =SUM(I29:I32) -> 20203186 | K33: =SUM(K29:K32) -> 22415249 | M33: =SUM(M29:M32) -> 21434119 | O33: =SUM(O29:O32) -> 21350822
E34: TOTAL COSTO DEL PROYECTO | I34: =I28+I33 -> 98057467 | K34: =K28+K33 -> 108793857 | M34: =M28+M33 -> 104031879 | O34: =O28+O33 -> 103627594
E36: El presente estudio de mercado se realizó tomando como base tres (3) de personal del gremio de la construcción.
E40: EDILBERTO OSORIO SANTOFIMIO
E41: Ingeniero Grupo de Apoyo administrativo Mixto - Regional Caquetá

Sheet Ficha tecnica
E3: CENTRO TECNOLÓGICO DE LA AMAZONÍA REGIONAL CAQUETÁ
E4: GRUPO DE APOYO ADMINISTRATIVO MIXTO
E5: FICHA TECNICA
D6: Objeto: | E6: CONTRATAR LA ADECUACIÓN DEL CERRAMIENTO PERIMETRAL DEL CENTRO TECNOLÓGICO DE LA AMAZONIA.
D8: ITEM | E8: DESCRIPCIÓN | F8: UNIDAD | G8: CANTIDAD
D10: ='Estudio de mercadeo'!D11 -> 1 | E10: ='Estudio de mercadeo'!E11 -> LOCALIZACIÓN Y REPLANTEO DE LA OBRA | F10: =+'Estudio de mercadeo'!F11 -> ML | G10: =+'Estudio de mercadeo'!G11 -> 90
D11: ='Estudio de mercadeo'!D12 -> 2 | E11: ='Estudio de mercadeo'!E12 -> DESMONTE REJA METÁLICA CERRAMIENTO EXISTENTE (INC. RETIRO) | F11: =+'Estudio de mercadeo'!F12 -> ML | G11: =+'Estudio de mercadeo'!G12 -> 90
D12: ='Estudio de mercadeo'!D13 -> 3 | E12: ='Estudio de mercadeo'!E13 -> DEMOLICION MURO EXISTENTE INCLUIDA CIMENTACION (INCL. RETIRO DE MATERIAL) | F12: =+'Estudio de mercadeo'!F13 -> ML | G12: =+'Estudio de mercadeo'!G13 -> 90
D13: ='Estudio de mercadeo'!D14 -> 4 | E13: ='Estudio de mercadeo'!E14 -> EXCAVACIÓN TIERRA A MANO | F13: =+'Estudio de mercadeo'!F14 -> M3 | G13: =+'Estudio de mercadeo'!G14 -> 45
D14: ='Estudio de mercadeo'!D15 -> 5 | E14: ='Estudio de mercadeo'!E15 -> CONCRETO CICLÓPEO 3000 PSI RELAC.60C/40P-MEJORAMIENTO TERRENO | F14: =+'Estudio de mercadeo'!F15 -> M3 | G14: =+'Estudio de mercadeo'!G15 -> 12.48
D15: ='Estudio de mercadeo'!D16 -> 6 | E15: ='Estudio de mercadeo'!E16 -> CONTRAPESO EN CONCRETO 3000 PSI 210 MPA 0.80MX0.80MX0.30M INCLUYE REFUERZO DE 1/2" Y VIGA DE CONEXIÓN CON ZAPATA DE 0.8 CM | F15: =+'Estudio de mercadeo'!F16 -> UND | G15: =+'Estudio de mercadeo'!G16 -> 12
D16: ='Estudio de mercadeo'!D17 -> 7 | E16: ='Estudio de mercadeo'!E17 -> CONCRETO F´C = 210 KGF/CM2 PARA VIGA PAGADO EN ML ESPESOR 0,30X0.40 MT, INCL ACERO DE REFUERZO | F16: =+'Estudio de mercadeo'!F17 -> ML | G16: =+'Estudio de mercadeo'!G17 -> 90
D17: ='Estudio de mercadeo'!D18 -> 8 | E17: ='Estudio de mercadeo'!E18 -> MURETE EN CONCRETO DE 3000 PSI 0,15X0,40 MT (INC. ACERO DE REFUERZO) | F17: =+'Estudio de mercadeo'!F18 -> ML | G17: =+'Estudio de mercadeo'!G18 -> 90
D18: ='Estudio de mercadeo'!D19 -> 9 | E18: ='Estudio de mercadeo'!E19 -> SUMINISTRO E INSTALACIÓN DE POSTE EN TUBERÍA GALVANIZADA DE 2 1/2", CAL 16, L=3,00 MTS | F18: =+'Estudio de mercadeo'!F19 -> UND | G18: =+'Estudio de mercadeo'!G19 -> 31
D19: ='Estudio de mercadeo'!D20 -> 10 | E19: ='Estudio de mercadeo'!E20 -> PANEL DE 2,75 X 2,0 M EN MALLA ESLABONADA 2 1/2" X 2 1/2" CALIBRE 10 Y ÁNGULO METÁLICO DE 1 1/2" X 1/8" | F19: =+'Estudio de mercadeo'!F20 -> M2 | G19: =+'Estudio de mercadeo'!G20 -> 170
D20: ='Estudio de mercadeo'!D21 -> 11 | E20: ='Estudio de mercadeo'!E21 -> PORTÓN EN ESTRUCTURA METÁLICA TUBERÍA DE 1"x 1" CALIBRE 10 CON PARALES METÁLICOS | F20: =+'Estudio de mercadeo'!F21 -> M2 | G20: =+'Estudio de mercadeo'!G21 -> 5
D21: ='Estudio de mercadeo'!D22 -> 12 | E21: ='Estudio de mercadeo'!E22 -> PINTURA CARPINTERÍA METÁLICA DE REJAS (INC PINTURA ANTICORROSIVA VERDE, ESMALTE, MANO DE OBRA Y EQUIPOS) | F21: =+'Estudio de mercadeo'!F22 -> M2 | G21: =+'Estudio de mercadeo'!G22 -> 25
... D25: ='Estudio de mercadeo'!D26 -> 16 | E25: ='Estudio de mercadeo'!E26 -> CUNETA EN CONCRETO DE 3000 PSI PARA MANEJO DE AGUAS LLUVIAS ACNHO:0,40 E:0,10 INCLUYE CONFORMACIÓN DEL TERRENO, FORMALETA Y MALLA ELECTRTOSOLDADAS DE 5MM. | F25: =+'Estudio de mercadeo'!F26 -> ML | G25: =+'Estudio de mercadeo'!G26 -> 55
E27: TOTAL COSTOS DIRECTOS
E28: ADMINISTRACIÓN
E29: IMPREVISTOS
E30: UTILIDAD
E31: IVA/UTILIDAD
E32: TOTAL COSTOS INDIRECTOS
E33: TOTAL COSTO DE LA ADECUACION
E39: Edilberto Osorio Santofimio
E40: Ingeniero Civil de Apoyo
E41: Grupo de Apoyo administrativo Mixto
E42: Regional Caquetá
